 Dungeon Crawl Stone Soup version 0.31.0-32-g396128a36d (webtiles) character file.

Game seed: 18039109077625880512

23375 Minsecho the Basher (level 13, -3/101 HPs)
             Began as a Formicid Fighter on Mar 16, 2024.
             Was a High Priest of Okawaru.
             Slain by a skyshark (10 damage)
             ... on level 2 of the Lair of Beasts.
             The game lasted 00:38:06 (18544 turns).

Minsecho the Basher (Formicid Fighter)             Turns: 18544, Time: 00:38:06

Health: -3/101     AC: 10    Str: 25    XL:     13   Next: 34%
Magic:  20/20      EV: 18    Int:  9    God:    Okawaru [*****.]
Gold:   767        SH:  6    Dex: 13    Spells: 12/12 levels left

rFire   + . .        F - +3 battleaxe (protect)
rCold   . . .        c - +0 buckler
rNeg    . . .        r - +2 ring mail {rF+}
rPois   +            (helmet unavailable)
rElec   .            (no cloak)
rCorr   .            b - +0 pair of gloves
SInv    +            (no boots)
Will    +....        (no amulet)
Stlth   ++           f - ring of poison resistance
HPRegen 0.36/turn    J - +5 ring of evasion
MPRegen 0.17/turn

%: no passive effects
@: no status effects
A: permanent stasis, dig shafts and tunnels, antennae 3, four strong arms
a: Dig, Shaft Self, Renounce Religion, Heroism, Finesse, Duel


You were on level 2 of the Lair of Beasts.
You worshipped Okawaru.
Okawaru was extremely pleased with you.
You visited 3 branches of the dungeon, and saw 16 of its levels.
You also visited: Sewer.

You collected 767 gold pieces.

Inventory:

Hand Weapons
 i - a +1 whip of holy wrath
 F - a +3 battleaxe of protection (weapon)
 I - a +4 sling of electrocution
 L - a +0 dire flail
Missiles
 P - 4 curare-tipped darts
 V - 9 javelins (quivered)
Armour
 b - a +0 pair of gloves (worn)
 c - a +0 buckler (worn)
 j - an orb of mayhem
 r - a +2 ring mail of fire resistance (worn)
 G - +0 acid dragon scales
Jewellery
 f - a ring of poison resistance (left hand)
 g - a ring of protection from cold
 k - a ring of positive energy
 u - a ring of fire
 E - a ring of willpower
 J - a +5 ring of evasion (right hand)
 K - a +6 ring of strength
 R - a +6 ring of strength
 W - a +4 ring of protection
 X - a ring of fire
Wands
 a - a wand of mindburst (7)
 q - a wand of digging (17)
 y - a wand of flame (23)
 H - a wand of iceblast (10)
Scrolls
 e - 5 scrolls of poison
 l - a scroll of summoning
 m - 3 scrolls of teleportation
 n - 2 scrolls of enchant weapon
 o - 4 scrolls of fog {unknown}
 v - 2 scrolls of vulnerability {unknown}
 w - a scroll of enchant armour
 x - 3 scrolls of revelation {unknown}
 A - 4 scrolls of fear {unknown}
 B - a scroll of identify
 D - 4 scrolls of amnesia {unknown}
 U - 2 scrolls of torment
 Z - a scroll of silence {unknown}
Potions
 d - a potion of mutation
 h - 5 potions of enlightenment
 p - a potion of ambrosia
 s - a potion of lignification
 t - 3 potions of brilliance
 z - 4 potions of attraction
 M - a potion of magic {unknown}
 O - a potion of might
 S - 2 potions of haste
 T - 2 potions of curing
Miscellaneous
 C - a condenser vane (inert)
 N - a lightning rod (2/4)


   Skills:
 + Level 9.2 Fighting
 + Level 2.5(7.6) Axes
 + Level 11.2(11.3) Maces & Flails
 - Level 3.0 Ranged Weapons
 * Level 4.4 Throwing
 + Level 8.0 Armour
 + Level 5.5 Dodging
 + Level 4.5 Stealth
 + Level 8.7 Shields
 * Level 9.6 Invocations
 * Level 8.2 Evocations


You had 12 spell levels left.
You didn't know any spells.
Your spell library contained the following spells:

 Spells                   Type           Power      Damage    Failure   Level
 Cigotuvi's Dreadful Rot  Necr/Alch/Air  0%         N/A       71%         2
 Dazzling Flash           Conj/Hex       0%         N/A       90%         3
 Hailstorm                Conj/Ice       0%         3d5       90%         3
 Inner Flame              Hex/Fire       0%         N/A       90%         3
 Mephitic Cloud           Conj/Alch/Air  0%         N/A       90%         3
 Brom's Barrelling Bould  Conj/Erth      0%         2d3       100%        4
 Flame Wave               Conj/Fire      0%         2d4       100%        4
 Ignite Poison            Fire/Alch      0%         N/A       100%        4
 Sticky Flame             Fire/Alch      0%         2d4       100%        4
 Curse of Agony           Necr           0%         N/A       100%        5
 Fireball                 Conj/Fire      0%         3d3       100%        5
 Freezing Cloud           Conj/Ice/Air   0%         6-21      100%        5
 Iskenderun's Battlesphe  Conj           0%         2d6       100%        5
 Silence                  Hex/Air        0%         N/A       100%        5
 Conjure Ball Lightning   Conj/Air       0%         3x3d6     100%        6
 Orb of Destruction       Conj           0%         9d5       100%        7
 Summon Ice Beast         Ice/Summ       Unusable   N/A       N/A         3
 Summon Blazeheart Golem  Fire/Summ      Unusable   N/A       N/A         4
 Sculpt Simulacrum        Ice/Alch       Unusable   N/A       N/A         6
 Spellforged Servitor     Conj/Summ      Unusable   N/A       N/A         7

Dungeon Overview and Level Annotations

Branches:
Dungeon (13/15)            Temple (1/1) D:4            Lair (2/5) D:11
    Orc (0/2) D:9           Sewer (visited)
  Swamp: Lair:2-3    Shoals: Lair:2-3     Snake: Lair:2-3    Spider: Lair:2-3
 Vaults: D:13-14

Altars:
Ashenzari
Cheibriados
Dithmenos
Elyvilon
Fedhas
Hepliaklqana
Kikubaaqudgha
Makhleb
Nemelex Xobeh
Okawaru
Qazlal
Sif Muna
Trog
Uskayaw
Vehumet
Wu Jian
Xom
Yredelemnul
Zin
The Shining One

Shops:
D:4 :   D:12 *[

Annotations:
D:9 2 transporters
D:10 4 transporters


Innate Abilities, Weirdness & Mutations

You cannot be hasted, slowed, berserked, paralysed or teleported.
You can dig through walls and to a lower floor.
You have a pair of large antennae on your head. (SInv)
Your four strong arms can wield two-handed weapons with a shield.


Message History

Aim: a skyshark (severely wounded, berserk, 81% to hit)
The bolt of dispelling energy hits the skyshark!
The skyshark is almost dead.
The bolt of dispelling energy misses the wolf.
The skyshark bites you!
* * * LOW HITPOINT WARNING * * *
The skyshark closely misses you. The skyshark barely misses you.
Aiming: Quicksilver Bolt
Press: ? - help, Shift-Dir - straight line, f/p - skyshark
Aim: a skyshark (almost dead, berserk, 81% to hit)
The bolt of dispelling energy misses the skyshark.
The bolt of dispelling energy hits the wolf!!
The wolf is almost dead.
The now-empty wand crumbles to dust.
The skyshark bites you but does no damage.
The skyshark completely misses you. The skyshark barely misses you.
The skyshark misses you. You block the skyshark's attack.
The skyshark misses you.
You hit the skyshark but do no damage.
Your weapon exudes an aura of protection.
The skyshark is almost dead.
The skyshark completely misses you.
The skyshark tail-slaps you but does no damage.
The skyshark barely misses you. The skyshark completely misses you.
The skyshark closely misses you. x2
You barely miss the skyshark.
The skyshark is almost dead.
The skyshark bites you!
* * * LOW HITPOINT WARNING * * *
The skyshark tail-slaps you!
* * * LOW HITPOINT WARNING * * *
The skyshark tail-slaps you but does no damage.
Aiming: Thunderbolt
Press: ? - help, Shift-Dir - straight line, f/p - skyshark
Aim: a skyshark (almost dead, berserk)
Okay, then.
Clouds condense from the air!
The condenser dries out!
The skyshark is engulfed in excruciating misery.
You block the skyshark's attack. The skyshark tail-slaps you!
You die...

........... #....##....
#.P.## .... ....###.#P.
###..#..#.. # ###.#..# .
### .# .#....## .# ##.#
#..## #..#.#.# #.#
##..#§§...P ......###..#
#..@Fh§.#
.........#####.#####....
#.#.....#..#.#...# .
##.###..##...#..## ###
#..........#
#.########## ###


You could see a skyshark (berserk) and a wolf.

Vanquished Creatures
  Snorg (D:11)
  Erica (D:8)
  A two-headed ogre (D:12)
  Urug (D:11)
  12 elephants
  3 cane toads
  A gargoyle (D:11)
  An unseen horror (D:11)
  Jeremiah (D:8)
  2 kobold demonologists
  5 komodo dragons
  4 trolls
  Prince Ribbit (D:6)
  Grinder (D:6)
  5 slime creatures
  A vampire (D:11)
  2 shadows (D:11)
  13 yaks
  A warg (D:11)
  8 vampire mosquitoes
  3 steam dragons
  11 water moccasins
  2 acid dragons
  6 orc warriors
  A black bear (D:8)
  An ice beast (D:6)
  2 ogres (D:6)
  7 centaurs
  16 wolves
  A kobold brigand (D:9)
  A brain worm (Sewer)
  4 bullfrogs
  2 gnoll sergeants
  2 scorpions
  8 wights
  19 killer bees
  4 electric eels (D:10)
  4 howler monkeys
  5 hounds
  2 bombardier beetles
  2 jellies
  12 orc priests
  A sleepcap (D:7)
  A gnoll bouda (D:6)
  12 orc wizards
  An iguana (D:5)
  14 gnolls
  4 adders
  4 river rats (Sewer)
  2 shadow imps
  4 white imps
  2 ribbon worms
  5 dart slugs
  34 orcs
  6 endoplasms
  9 giant cockroaches
  4 goblins
  6 hobgoblins
  10 jackals
  13 kobolds
  7 quokkas
  14 ball pythons
  13 bats
  3 frilled lizards (Sewer)
  8 rats
357 creatures vanquished.

Notes
Turn   | Place    | Note
-------+----------+-------------------------------------------
     0 | D:1      | Minsecho the Formicid Fighter began the quest for the Orb.
     0 | D:1      | Reached XP level 1. HP: 18/18 MP: 1/1
    93 | D:1      | Reached XP level 2. HP: 24/24 MP: 2/2
   592 | D:1      | Reached XP level 3. HP: 29/29 MP: 3/3
  1349 | D:2      | Reached XP level 4. HP: 37/37 MP: 4/4
  1358 | D:2      | Found a snail-covered altar of Cheibriados.
  1362 | D:2      | Reached skill level 3 in Maces & Flails
  1372 | D:2      | Identified the +0 robe of Xuluc {rN+ Int-2 Stlth+}
  1767 | D:3      | Found a glowing drain.
  1804 | Sewer    | Entered a sewer
  2053 | Sewer    | Reached XP level 5. HP: 42/42 MP: 5/5
  2174 | Sewer    | Noticed a brain worm
  2181 | Sewer    | Killed a brain worm
  2182 | Sewer    | Reached skill level 4 in Maces & Flails
  2335 | Sewer    | Reached XP level 6. HP: 35/48 MP: 6/6
  2343 | Sewer    | Reached skill level 5 in Shields
  3575 | D:4      | Reached skill level 1 in Stealth
  3628 | D:4      | Found Awunt's Book Emporium.
  3722 | D:4      | Reached skill level 1 in Dodging
  3854 | D:4      | Found a staircase to the Ecumenical Temple.
  3870 | Temple   | Entered the Ecumenical Temple
  3892 | Temple   | Became a worshipper of Warmaster Okawaru
  3996 | D:4      | Reached XP level 7. HP: 51/54 MP: 7/7
  4419 | D:4      | Reached skill level 5 in Maces & Flails
  4440 | D:4      | Found a radiant altar of Vehumet.
  4508 | D:5      | Entered Level 5 of the Dungeon
  5444 | D:5      | Noticed a water moccasin
  5454 | D:5      | Killed a water moccasin
  5455 | D:5      | Reached skill level 5 in Armour
  5455 | D:5      | Reached skill level 1 in Invocations
  5455 | D:5      | Reached skill level 1 in Evocations
  5455 | D:5      | Reached XP level 8. HP: 5/61 MP: 7/9
  5925 | D:6      | Noticed Prince Ribbit
  6150 | D:6      | Reached * piety under Okawaru
  6229 | D:6      | Killed Prince Ribbit
  6230 | D:6      | Reached skill level 6 in Maces & Flails
  6648 | D:6      | Reached skill level 5 in Fighting
  6648 | D:6      | Reached XP level 9. HP: 51/68 MP: 11/11
  7164 | D:6      | You fall into a shaft and drop 1 floor!
  7434 | D:6      | Found a shadowy altar of Dithmenos.
  7488 | D:6      | Reached ** piety under Okawaru
  7788 | D:6      | Noticed Grinder
  7809 | D:6      | Killed Grinder
  7810 | D:6      | Reached skill level 7 in Maces & Flails
  8097 | D:7      | Found a hazy altar of Hepliaklqana.
  8694 | D:7      | Found a stormy altar of Qazlal.
  8708 | D:7      | Found a sparkling altar of Nemelex Xobeh.
  8733 | D:7      | Reached XP level 10. HP: 75/77 MP: 13/13
  8863 | D:7      | Reached skill level 5 in Invocations
  9482 | D:8      | Reached *** piety under Okawaru
  9799 | D:8      | Noticed Erica
  9913 | D:8      | Noticed Jeremiah
  9938 | D:8      | Killed Jeremiah
 10212 | D:8      | Found a shimmering altar of Xom.
 10325 | D:8      | Killed Erica
 10326 | D:8      | Reached skill level 1 in Axes
 10326 | D:8      | Reached skill level 1 in Ranged Weapons
 10326 | D:8      | Reached skill level 5 in Evocations
 10494 | D:8      | Found a shimmering blue altar of Sif Muna.
 10494 | D:8      | Found a white marble altar of Elyvilon.
 10615 | D:9      | Reached **** piety under Okawaru
 11075 | D:9      | Found a transporter.
 11219 | D:9      | Found a staircase to the Orcish Mines.
 11430 | D:9      | Found a transporter.
 11476 | D:9      | Reached XP level 11. HP: 81/84 MP: 15/15
 11801 | D:10     | Entered Level 10 of the Dungeon
 11819 | D:10     | Reached skill level 8 in Maces & Flails
 11839 | D:10     | Found a transporter.
 11939 | D:10     | Reached ***** piety under Okawaru
 12578 | D:10     | Reached skill level 9 in Maces & Flails
 12750 | D:10     | Found a transporter.
 12776 | D:10     | Found a transporter.
 12874 | D:10     | Found a transporter.
 13129 | D:10     | Found a glowing golden altar of the Shining One.
 13131 | D:10     | Found an ancient bone altar of Kikubaaqudgha.
 13528 | D:11     | Noticed Snorg
 13552 | D:11     | Killed Snorg
 13552 | D:11     | Received a gift from Okawaru
 13743 | D:11     | Reached skill level 1 in Throwing
 14033 | D:11     | Reached skill level 10 in Maces & Flails
 14132 | D:11     | Found a staircase to the Lair.
 14533 | D:11     | Noticed Urug
 14553 | D:11     | Killed Urug
 14553 | D:11     | Received a gift from Okawaru
 14554 | D:11     | Reached XP level 12. HP: 33/91 MP: 15/17
 15112 | D:12     | Noticed a two-headed ogre
 15123 | D:12     | Found Qepuarij's Fire Supplies.
 15129 | D:12     | Killed a two-headed ogre
 15621 | D:12     | Found a stormy altar of Qazlal.
 15714 | D:12     | Found Xadghufibb's Armour Shop.
 15838 | Arena    | Entered the Arena
 16322 | D:13     | Noticed a vault guard
 16405 | Lair:1   | Entered Level 1 of the Lair of Beasts
 16954 | Lair:1   | Reached skill level 5 in Dodging
 16956 | Lair:1   | Reached skill level 11 in Maces & Flails
 17593 | Lair:1   | Reached XP level 13. HP: 91/99 MP: 19/19
 18132 | Lair:2   | Received a gift from Okawaru
 18544 | Lair:2   | Slain by a skyshark

Illustrated notes

Levels and vault maps discovered:
D:1:      ebering_trefoil_twist, layout_basic, minivault_24, st_stairs_1
D:2:      layout_loops_cross, basic_altar
D:3:      layout_basic, gup_sewer_entry_pipe
D:4:      layout_basic, vehumet_altar_wand_db, temple_hall,
          nicolae_stop_n_shop_2
D:5:      layout_layer_cave
D:6:      layout_basic, mainiacjoe_overflow_24_doors, grunt_ministairs_15,
          columned_hall_lemuel, uniq_prince_ribbit1, uniq_grinder
D:7:      layout_loops_ring, mainiacjoe_overflow_alcove_4,
          mainiacjoe_overflow_big_doors, serial_park_tiny_2,
          kennysheep_generic_room_14
D:8:      layout_rooms, regret_index_xom_buried_treasure,
          grunt_temple_overflow_open, uniq_jeremiah, uniq_erica
D:9:      gammafunk_cloud_chamber, layout_loops_cross, orc_0_dummy
D:10:     layout_basic, nicolae_overflow_hidden_temple, st_stairs_3,
          nicolae_transporter_intersection
D:11:     layout_gridville, erik_lair_orcish_takeover, uniq_urug, uniq_snorg
D:12:     layout_cave_pools, serial_shops, nicolae_shop_rolling_square,
          nicolae_shop_fire_sale [nicolae_sub_dead_trees],
          nicolae_qazlal_general_emergency
D:13:     layout_roguey, hellmonk_vaults_order_and_chaos, uniq_sonja
Temple:   chequers_temple_sunken
Lair:1:   layout_cellular_growth, grunt_megastairs_4,
          infiniplex_staircase_pool_2
Lair:2:   layout_loops_ring, minmay_swamp_entry_worms,
          nicolae_spider_entry_lesser_pyramids, ice2_lemuel, uniq_amaemon

Skill      XL: |  1  2  3  4  5  6  7  8  9 10 11 12 13 |
---------------+----------------------------------------+-----
Maces & Flails | 3 4 5 6 7 10 11 | 11.2
Fighting       | 4 5 6 7 8 9 |  9.2
Armour         | 4 5 6 7 8 |  8.0
Shields        | 5 6 7 8 |  8.7
Stealth        | 1 2 3 4 |  4.5
Dodging        | 1 2 3 4 5 |  5.5
Invocations    | 1 3 4 6 7 9 |  9.6
Evocations     | 1 2 4 5 6 7 8 |  8.2
Axes           | 1 2 |  2.5
Ranged Weapons | 2 3 |  3.0
Throwing       | 2 3 4 |  4.4

Action                     |  1- 3 |  4- 6 |  7- 9 | 10-12 | 13-15 || total
---------------------------+-------+-------+-------+-------+-------++-------
  Melee: Flail             |   115 |   283 |   336 |    17 |       ||   751
         Hand axe          |       |       |       |   171 |       ||   171
         Dire flail        |       |       |       |   402 |       ||   402
         Battleaxe         |       |       |       |   126 |    94 ||   220
  Throw: Javelin           |       |       |       |    11 |     3 ||    14
 Invoke: Heroism           |       |       |     2 |     2 |     1 ||     5
         Finesse           |       |       |       |     1 |     1 ||     2
         Duel              |       |       |       |     1 |       ||     1
Ability: Dig               |       |     2 |       |       |       ||     2
         Shaft Self        |       |       |     1 |       |       ||     1
  Evoke: Wand              |       |       |    19 |    26 |     2 ||    47
         Lightning rod     |       |       |       |     8 |     2 ||    10
         Condenser vane    |       |       |       |       |     1 ||     1
    Use: Scroll            |       |     5 |     1 |     9 |       ||    15
         Potion            |       |     1 |     3 |     1 |       ||     5
   Stab: Sleeping          |       |       |     1 |     2 |     1 ||     4
 Armour: Scale mail        |    25 |       |       |       |       ||    25
         Plate armour      |    73 |   237 |       |       |       ||   310
         Ring mail         |       |    39 |   274 |   419 |   110 ||   842
  Dodge: Dodged            |    52 |   118 |   262 |   575 |   180 ||  1187
  Block: Buckler           |    24 |    89 |   121 |   195 |    73 ||   502
